 Dungeon Crawl Stone Soup version 0.24.0-123-gd5b16e6ec5 (webtiles) character file.

Game seed: 16264817137233996487, levelgen mode: deterministic

88 hazymike the Insei (level 4, -6/34 HPs)
             Began as a Vampire Monk on Feb 2, 2020.
             Was a Priest of Yredelemnul.
             Killed by divine providence
             ... invoked by an orc priest
              (9 damage)
             ... on level 3 of the Dungeon.
             The game lasted 00:13:37 (1664 turns).

hazymike the Insei (Vampire Monk)                   Turns: 1664, Time: 00:13:38

Health: -6/34      AC: 10    Str: 11    XL:     4   Next: 29%
Magic:  4/4        EV: 12    Int: 12    God:    Yredelemnul [***...]
Gold:   48         SH:  0    Dex: 16    Spells: 3/3 levels left

rFire    . . .     SeeInvis +     - Unarmed
rCold    . . .     Gourm    .   (no shield)
rNeg     . . .     Faith    .   a - +2 ring mail {MR+}
rPois    .         Spirit   .   (no helmet)
rElec    .         Reflect  .   (no cloak)
rCorr    .         Harm     .   k - +2 pair of gloves
MR       +....                  (no boots)
Stlth    ++........             (no amulet)
HPRegen  0.31/turn              (no ring)
MPRegen  0.09/turn              (no ring)

@: regenerating quickly
A: no food, fangs 3, see invisible, unbreathing
a: Exsanguinate, Recall Undead Slaves, Injury Mirror, Animate Dead, Renounce
Religion


You were on level 3 of the Dungeon.
You worshipped Yredelemnul.
Yredelemnul was most pleased with you.
You were alive.

You visited 1 branch of the dungeon, and saw 3 of its levels.

You collected 48 gold pieces.

Inventory:

Hand Weapons
 b - a +0 hunting sling
Missiles
 e - 5 javelins (quivered)
 f - 20 poisoned darts
 n - 13 sling bullets
 r - 91 stones
Armour
 a - a +2 ring mail of magic resistance (worn)
 k - a +2 pair of gloves (worn)
Jewellery
 o - an uncursed ring of ice {unknown}
Wands
 p - a wand of iceblast (4)
Scrolls
 d - a scroll of fear {unknown}
 g - a scroll of amnesia {unknown}
 h - 2 scrolls of remove curse {unknown}
 j - a scroll of random uselessness {unknown}
 l - a scroll of identify {unknown}
 m - a scroll of fog {unknown}
 q - a scroll of enchant weapon {unknown}
Potions
 c - a potion of flight {unknown}
 i - a potion of heal wounds {unknown}
 s - a potion of haste {unknown}


   Skills:
 + Level 2.9 Fighting
 + Level 0.7 Throwing
 + Level 1.0 Armour
 + Level 3.7 Dodging
 + Level 3.2 Stealth
 * Level 4.5 Unarmed Combat
 * Level 0.1 Invocations


You had 3 spell levels left.
You didn't know any spells.
Your spell library was empty.

Dungeon Overview and Level Annotations

Branches:
Dungeon (3/15)

Altars:
Gozag
Wu Jian
Yredelemnul
Zin


Innate Abilities, Weirdness & Mutations

You do not eat.
Your natural rate of healing is unusually fast.
You have razor-sharp teeth.
You have supernaturally acute eyesight. (SInv)
You can survive without breathing.


Message History

The orc wizard casts a spell at you. The magic dart hits your bat zombie.
The orc hits you but does no damage.
You are electrocuted!!
Ouch! That really hurt!
* * * LOW HITPOINT WARNING * * *
Your bat zombie closely misses the orc wizard.
The orc priest calls upon Beogh to heal the orc.
The orc's wounds heal themselves!
The orc barely misses you.
Your adder zombie misses the orc wizard.
Your bat zombie hits the orc wizard but does no damage.
Your bat zombie misses the orc wizard.
The orc wizard mumbles some strange words.
The orc wizard blinks!
Your leopard gecko zombie bites the orc wizard.
The orc wizard casts a spell.
The orc wizard seems to speed up.
The orc priest invokes the aid of Beogh against you.
Beogh smites you!
You die...
Yredelemnul claims you as an undead slave.

##....... #.........
#......... #.......... #
#.......... ##### . #.
#.......... ##....
...##.##.........####.....
#...oo#..........##......
#..o.o@........##......
###.#Z§........##......
###...#Z.........##......
#...#.#...Z......##......
#....>.....o..............
$..............PP.PP.....P
##.......Z...♣♣♣P..♣♣♣P..♣
#.......<...♣ ♣P..♣ ♣P.P♣
...........P♣♣♣P).♣♣♣...♣


You could see an orc priest, 2 orc wizards, 2 orcs, a friendly leopard gecko
zombie, a friendly bat zombie, a friendly adder zombie and a friendly kobold
zombie.

Vanquished Creatures
  4 adders
  2 dart slugs (D:1)
  A leopard gecko (D:3)
  2 giant cockroaches
  8 hobgoblins
  2 ball pythons
  7 bats
  3 frilled lizards (D:2)
  6 goblins
  5 kobolds
  6 rats
46 creatures vanquished.

Vanquished Creatures (collateral kills)
  A giant cockroach (D:3)
1 creature vanquished.

Grand Total: 47 creatures vanquished

Notes
Turn   | Place    | Note
-------+----------+-------------------------------------------
     0 | D:1      | hazymike the Vampire Monk began the quest for the Orb.
     0 | D:1      | Reached XP level 1. HP: 17/17 MP: 1/1
   246 | D:1      | Reached XP level 2. HP: 23/23 MP: 2/2
   774 | D:2      | Reached skill level 4 in Unarmed Combat
   800 | D:2      | Found a faded altar of an unknown god.
   815 | D:2      | Reached XP level 3. HP: 12/28 MP: 3/3
  1004 | D:2      | Became a worshipper of Yredelemnul the Dark
  1004 | D:2      | Reached * piety under Yredelemnul
  1004 | D:2      | Reached ** piety under Yredelemnul
  1228 | D:2      | Reached XP level 4. HP: 34/34 MP: 4/4
  1285 | D:2      | Reached *** piety under Yredelemnul
  1331 | D:2      | Found a glowing silver altar of Zin.
  1331 | D:2      | Found an opulent altar of Gozag.
  1331 | D:2      | Found an ornate altar of the Wu Jian Council.
  1589 | D:3      | Reached skill level 1 in Armour
  1664 | D:3      | Killed from afar by an orc priest

Levels and vault maps discovered:
D:1:      dpeg_arrival_long_road, layout_loops_ring
D:2:      layout_rooms, gammafunk_temple_overflow_claw,
          chequers_ecumenical_altar_island
D:3:      layout_rooms, kennysheep_boxes

Skill      XL: |  1  2  3  4 |
---------------+-------------+-----
Unarmed Combat | 4 |  4.5
Armour         | 1 |  1.0
Fighting       | |  2.9
Throwing       | |  0.7
Dodging        | |  3.7
Stealth        | |  3.2
Invocations    | |  0.1

Action                   |  1- 3 |  4- 6 || total
-------------------------+-------+-------++-------
Melee: Unarmed           |    91 |    34 ||   125
       Bite              |     6 |     1 ||     7
       Punch             |     1 |       ||     1
Throw: Stone             |    24 |       ||    24
       Javelin           |    24 |     5 ||    29
Invok: Animate Dead      |       |     5 ||     5
 Stab: Sleeping          |     2 |     1 ||     3
Armor: Ring mail         |    51 |    13 ||    64
Dodge: Dodged            |    60 |    28 ||    88
